 Dungeon Crawl Stone Soup version 0.24.0-13-gcf9b319 (webtiles) character file.

Game seed: 13311955905855647956, levelgen mode: deterministic

7 Bronimir the Grasshopper (level 1, -1/17 HPs)
             Began as a Centaur Warper on Mar 30, 2020.
             Slain by a gnoll
             ... wielding a +0 spear
              (5 damage)
             ... on level 1 of the Dungeon.
             The game lasted 00:00:48 (395 turns).

Bronimir the Grasshopper (Centaur Warper)            Turns: 395, Time: 00:00:49

Health: -1/17      AC:  4    Str: 13    XL:     1   Next: 83%
Magic:  3/3        EV:  9    Int: 12    God:
Gold:   10         SH:  0    Dex:  8    Spells: 3/3 levels left

rFire    . . .     SeeInvis .   a - +0 hand axe
rCold    . . .     Gourm    .   (no shield)
rNeg     . . .     Faith    .   b - +0 leather armour
rPois    .         Spirit   .   (no helmet)
rElec    .         Reflect  .   (no cloak)
rCorr    .         Harm     .   (no gloves)
MR       .....                  (no barding)
Stlth    ..........             (no amulet)
HPRegen  0.05/turn              (no ring)
MPRegen  0.08/turn              (no ring)

@: very quick
A: large, hooves 3, deformed body, speed 2, tough skin 3
a: no special abilities


You were on level 1 of the Dungeon.
You were not hungry.

You visited 1 branch of the dungeon, and saw 1 of its levels.

You collected 10 gold pieces.

Inventory:

Hand Weapons
 a - a +0 hand axe (weapon)
Missiles
 e - 5 boomerangs of dispersal
 i - 2 javelins (quivered)
Armour
 b - a +0 leather armour (worn)
Scrolls
 d - a scroll of blinking
 g - 2 scrolls of identify {unknown}
 h - a scroll of enchant armour {unknown}
 j - a scroll of immolation {unknown}
 k - a scroll of teleportation {unknown}
Potions
 c - a potion of ambrosia {unknown}
Comestibles
 f - a ration


   Skills:
 + Level 2.0 Fighting
 * Level 1.8 Axes
 + Level 1.3 Throwing
 * Level 1.0 Armour
 + Level 1.4 Dodging
 * Level 1.6 Spellcasting
   Level 2.6 Translocations


You had 3 spell levels left.
You didn't know any spells.
Your spell library contained the following spells:

 Spells                   Type           Power        Failure   Level  Hunger
 Blink                    Tloc           N/A          19%         2    ###....
 Shroud of Golubria       Chrm/Tloc      #.....       30%         2    ###....
 Gell's Gravitas          Tloc           #.........   34%         3    ####...
 Lesser Beckoning         Tloc           #.........   34%         3    ####...
 Teleport Other           Tloc           #.......     34%         3    ####...
 Passage of Golubria      Tloc           N/A          75%         4    #####..


Dungeon Overview and Level Annotations

Branches:
Dungeon (1/15)

Altars:


Innate Abilities, Weirdness & Mutations

You have hooves in place of feet.
Armour fits poorly on your strangely shaped body.
You cover ground very quickly.
You have extremely tough skin. (AC +3)


Message History

The gnoll hits you from afar with a +0 spear.
Throwing (i - inventory. (/) - cycle)
i - 5 javelins (quivered)
Press: ? - help, Shift-Dir - straight line, f/p - gnoll
Aim: a gnoll, wielding a +0 spear You throw a javelin.
The javelin barely misses the gnoll.
The gnoll barely misses you.
The gnoll hits you from afar with a +0 spear.
Throwing (i - inventory. (/) - cycle)
i - 4 javelins (quivered)
Press: ? - help, Shift-Dir - straight line, f/p - gnoll
Aim: a gnoll, wielding a +0 spear You throw a javelin.
The javelin pierces through the gnoll!
The gnoll is severely wounded.
The gnoll hits you from afar with a +0 spear.
* * * LOW HITPOINT WARNING * * *
Throwing (i - inventory. (/) - cycle)
i - 3 javelins (quivered)
Press: ? - help, Shift-Dir - straight line, f/p - gnoll
Aim: a gnoll, wielding a +0 spear (severely wounded)
You throw a javelin. The javelin barely misses the gnoll.
The gnoll hits you from afar with a +0 spear.
You die...

...... ...#.##...
..(...#.#####.#....
..... #.......#.###
#.... #.....#...# ...
............## ...
..#.###....... #g#
#.#.# ##.#..#. #.#
#.#.# #.#..#.
#@###.#.####.#..#.
#...#.#.##...#..#.
######'#.#.##.#.#....
#>...........#.#.#.##.
#............#.#.#.#..
#............#.###.###
#............#.....#
#............#########
#............# #...


You could see a gnoll.

Vanquished Creatures
  A dart slug (D:1)
  A giant cockroach (D:1)
  A hobgoblin (D:1)
  A bat (D:1)
  A rat (D:1)
5 creatures vanquished.

Notes
Turn   | Place    | Note
-------+----------+-------------------------------------------
     0 | D:1      | Bronimir the Centaur Warper began the quest for the Orb.
     0 | D:1      | Reached XP level 1. HP: 17/17 MP: 3/3
   372 | D:1      | Reached skill level 1 in Armour
   395 | D:1      | Slain by a gnoll

Levels and vault maps discovered:
D:1:      dpeg_arrival_long_road, layout_basic

Skill      XL: |  1 |
---------------+----+-----
Armour         | 1 |  1.0
Fighting       | |  2.0
Axes           | |  1.8
Throwing       | |  1.3
Dodging        | |  1.4
Spellcasting   | |  1.6
Translocations | |  2.6

Action                   || total
-------------------------++-------
Melee: Hand axe          ||    15
       Kick              ||     1
Throw: Javelin           ||     9
Armor: Leather armour    ||     4
Dodge: Dodged            ||    13
